 Dungeon Sprint DCSS version 0.30.0-7-g0c4daa9e05 (webtiles) character file.

Game seed: 4992579733349164102

888 Foic the Fighter (level 7, -3/120 HPs)
             Began as an Armataur Berserker on May 12, 2023.
             Was a Believer of Trog.
             Slain by a hornet (12 damage)
             ... in the Dungeon (Sprint I: "Red Sonja").
             The game lasted 00:03:13 (239 turns).

Foic the Fighter (Armataur Berserker)                Turns: 239, Time: 00:03:14

Health: -3/120     AC:  4    Str: 25    XL:     7   Next: 77%
Magic:  7/7        EV: 10    Int:  7    God:    Trog [**....]
Gold:   162        SH:  0    Dex:  9    Spells: 6/6 levels left

rFire   . . .        a - +0 mace
rCold   . . .        (no shield)
rNeg    . . .        b - +0 animal skin
rPois   .            (no helmet)
rElec   .            (no cloak)
rCorr   .            (no gloves)
SInv    .            (no barding)
Will    ++...        (no amulet) Stlth
                     (no ring)
HPRegen 1.40/turn    (no ring)
MPRegen 0.10/turn

%: no teleportation, roll
@: berserking, lethally poisoned (-3 -> -4), strong-willed, regenerating, slowed
A: large, rugged brown scales 3, deformed body, armoured tail, roll, long
tongue, awkward tongue
a: Renounce Religion, Berserk, Trog's Hand


You were in the Dungeon.
You worshipped Trog.
Trog was pleased with you.
You visited 1 branch You collected 162 gold pieces.

Inventory:

Hand Weapons
 a - a +0 mace (weapon)
Armour
 b - a +0 animal skin (worn)
Wands
 i - a wand of mindburst (18)
 k - a wand of polymorph (12)
Scrolls
 h - a scroll of blinking
Potions
 c - a potion of curing
 d - a potion of heal wounds
 e - a potion of haste
 f - 2 potions of magic
 g - a potion of berserk rage
 j - 2 potions of degeneration {unknown}
 l - a potion of flight {unknown}


   Skills:
 * Level 11.8 Fighting
 + Level 9.0 Maces & Flails
 + Level 6.0 Armour
 + Level 4.2 Dodging


You had 6 spell levels left.
You didn't know any spells.
Your spell library was empty.

Dungeon Overview and Level Annotations

Branches:
Dungeon (1/1)

Altars:
Sif Muna
Vehumet
Wu Jian


Innate Abilities, Weirdness & Mutations

You are completely covered in rugged brown scales. (AC +3, +7% HP)
Armour fits poorly on your strangely shaped body.
You have a long armoured tail.
You roll when moving toward enemies. (Rampage)
Your long tongue fully drains potion bottles. (2x potion effects)
Your tongue gives you trouble enunciating. (1.5x scroll delay)


Message History

* * * LOW HITPOINT WARNING * * *
The centaur warrior barely misses you.
The hornet moves out of view.
You sock the centaur warrior!
Your tail-slap misses the centaur warrior.
The centaur warrior is moderately wounded.
The centaur warrior closely misses you.
The centaur warrior kicks you but does no damage.
You sock the centaur warrior!
The centaur warrior is heavily wounded.
The centaur warrior hits you.
* * * LOW HITPOINT WARNING * * *
The centaur warrior kicks you but does no damage.
You barely miss the centaur warrior.
The centaur warrior is heavily wounded.
The centaur warrior hits you.
* * * LOW HITPOINT WARNING * * *
The centaur warrior kicks you.
* * * LOW HITPOINT WARNING * * *
You sock the centaur warrior!
Your tail-slap misses the centaur warrior.
The centaur warrior is severely wounded.
The centaur warrior hits you.
* * * LOW HITPOINT WARNING * * *
The centaur warrior misses you.
You thump the centaur warrior!
You kill the centaur warrior!
Trog accepts your kill. The hornet completely misses you.
Your Fighting skill gained 2 levels and is now at level 11!
Your Maces & Flails skill gained 3 levels and is now at level 9!
Your Armour skill gained 2 levels and is now at level 6!
Your Dodging skill increases to level 4!
You have reached level 7!
You miss the hornet.
Your tail-slap misses the hornet.
The hornet stings you.
* * * LOW HITPOINT WARNING * * *
You are poisoned.
You feel yourself slow down.
You barely miss the hornet.
You feel sick. The hornet barely misses you. The hornet stings you!
You die...

################
#<.#..)..#..'..#
#..').#..'..#..+
#..#####'#####'#
#..# #..# #[#
##§§# #.)# ####
##@#§§§§c# #..#
#_)yc~§§.§ #⌠⌠#
+..._#§§~§.#
####
#_.#+##'#### ##+
$!: ###


You could see a centaur warrior and a hornet.

Vanquished Creatures
  A centaur warrior (D)
  Sigmund (D)
  An ogre (D)
  A jelly (D)
  Ijyb (D)
5 creatures vanquished.

Notes
Turn   | Place    | Note
-------+----------+-------------------------------------------
     0 | D        | Foic the Armataur Berserker began the quest for the Orb.
     0 | D        | Reached XP level 1. HP: 19/19 MP: 1/1
     1 | D        | Noticed Ijyb
    10 | D        | Killed Ijyb
    11 | D        | Reached skill level 4 in Fighting
    11 | D        | Reached XP level 2. HP: 29/29 MP: 2/2
    51 | D        | Noticed an ogre
    54 | D        | Killed an ogre
    55 | D        | Reached skill level 6 in Fighting
    55 | D        | Reached skill level 5 in Maces & Flails
    55 | D        | Reached XP level 3. HP: 35/40 MP: 3/3
    55 | D        | Reached XP level 4. HP: 42/48 MP: 4/4
   120 | D        | Noticed Sigmund
   145 | D        | Killed Sigmund
   145 | D        | Reached ** piety under Trog
   146 | D        | Reached skill level 8 in Fighting
   146 | D        | Reached XP level 5. HP: 59/59 MP: 5/5
   202 | D        | Found an ornate altar of the Wu Jian Council.
   202 | D        | Found a shimmering blue altar of Sif Muna.
   204 | D        | Found a radiant altar of Vehumet.
   210 | D        | Reached skill level 9 in Fighting
   210 | D        | Reached XP level 6. HP: 62/67 MP: 6/6
   226 | D        | Noticed a centaur warrior
   226 | D        | Noticed a centaur warrior
   232 | D        | Noticed a hornet
   237 | D        | Killed a centaur warrior
   238 | D        | Reached skill level 11 in Fighting
   238 | D        | Reached XP level 7. HP: 14/80 MP: 7/7
   239 | D        | Slain by a hornet

Illustrated notes

Levels and vault maps discovered:
D:        dungeon_sprint_1 [red_sonja_temple_1, red_sonja_temple_small_1]

Skill      XL: |  1  2  3  4  5  6 |
---------------+-------------------+-----
Fighting       | 4 6 8 9 11 | 11.8
Maces & Flails | 3 5 6 9 |  9.0
Armour         | 3 4 6 |  6.0
Dodging        | 2 3 4 |  4.2

Action                     |  1- 3 |  4- 6 |  7- 9 || total
---------------------------+-------+-------+-------++-------
  Melee: Mace              |    10 |    12 |     2 ||    24
         Tailslap          |     1 |       |       ||     1
 Invoke: Berserk           |     2 |     1 |       ||     3
         Trog's Hand       |       |     1 |       ||     1
 Armour: Animal skin       |     1 |     3 |       ||     4
         Skin              |       |     1 |       ||     1
  Dodge: Dodged            |     4 |     8 |     1 ||    13
